 Dungeon Crawl Stone Soup version 0.31-a0-358-gac0dbeb3ab (webtiles) character file.

Game seed: 15514145565554922513

603 leukarlung the Conjurer (level 7, -10/50 HPs)
             Began as a Human Conjurer on July 25, 2023.
             Was an Initiate of Gozag.
             Shot with an arrow by a centaur (15 damage)
             ... on level 6 of the Dungeon.
             The game lasted 00:28:42 (5924 turns).

leukarlung the Conjurer (Human Conjurer)            Turns: 5924, Time: 00:28:43

Health: -10/50     AC:  4    Str:  7    XL:     7   Next: 70%
Magic:  1/13       EV: 12    Int: 21    God:    Gozag
Gold:   248        SH:  0    Dex: 11    Spells: 5/14 levels left

rFire   . . .        e - +2 dagger (venom)
rCold   . . .        (no shield)
rNeg    . . .        a - +0 robe
rPois   .            (no helmet)
rElec   .            i - +0 cloak
rCorr   .            (no gloves)
SInv    .            b - +0 pair of boots
Will    .....        (no amulet)
Stlth   ++           f - ring of wizardry
HPRegen 0.28/turn    (no ring)
MPRegen 0.13/turn

%: wizardry (x1)
@: gold aura
A: no striking features
a: Renounce Religion, Potion Petition, Call Merchant, Bribe Branch


You were on level 6 of the Dungeon.
You worshipped Gozag.
Gozag was aware of your devotion.
You visited 1 branch of the dungeon, and saw 6 of its levels.

You collected 282 gold pieces.
You paid 34 gold pieces to Gozag.

Inventory:

Hand Weapons
 d - a +0 dagger
 e - a +2 dagger of venom (weapon)
Armour
 a - a +0 robe (worn)
 b - a +0 pair of boots (worn)
 i - a +0 cloak (worn)
 n - a +2 scale mail of cold resistance
Jewellery
 c - a ring of fire
 f - a ring of wizardry (left hand)
Wands
 h - a wand of roots (3)
 p - a wand of flame (10)
Scrolls
 g - a scroll of immolation
 j - a scroll of teleportation
 k - 2 scrolls of butterflies
 l - a scroll of fog
 m - 2 scrolls of identify
Potions
 o - a potion of brilliance


   Skills:
 + Level 2.1 Fighting
 + Level 1.1 Short Blades
 + Level 3.2 Dodging
 + Level 3.5 Stealth
 + Level 4.2 Spellcasting
 + Level 6.0 Conjurations


You had 5 spell levels left.
You knew the following spells:

 Your Spells              Type           Power      Damage    Failure   Level
a - Magic Dart            Conj           100%       1d8       1%          1
b - Hailstorm             Conj/Ice       17%        3d6       4%          3
c - Searing Ray           Conj           58%        2d6       1%          2
d - Frozen Ramparts       Ice            8%         1d2       14%         3

Your spell library contained the following spells:

 Spells                   Type           Power      Damage    Failure   Level
 Freeze                   Ice            16%        1d4       4%          1
 Dazzling Flash           Conj/Hex       34%        N/A       4%          3
 Fulminant Prism          Conj/Hex       8%         3d6       14%         4
 Iskenderun's Mystic Bla  Conj/Tloc      17%        2d5       14%         4


Dungeon Overview and Level Annotations

Branches:
Dungeon (6/15)
 Temple: D:4-7

Altars:
Dithmenos
Elyvilon
Gozag
Kikubaaqudgha

Shops:
D:1 (


Message History

The water moccasin bites you but does no damage.
The centaur hits you. The centaur closely misses you.
The centaur attacks as you move away! The centaur barely misses you.
The centaur kicks you but does no damage.
The water moccasin bites you but does no damage.
You hit the water moccasin but do no damage.
The water moccasin is moderately wounded.
The centaur hits you but does no damage.
The centaur kicks you but does no damage.
The water moccasin misses you.
You hit the water moccasin.
The water moccasin is poisoned.
The water moccasin is moderately wounded.
The centaur is distracted by your dazzling golden aura.
The water moccasin closely misses you. The water moccasin closely misses you.
The water moccasin attacks as you move away!
The water moccasin bites you!
The centaur is no longer distracted by gold.
The water moccasin bites you.
The water moccasin bites you but does no damage.
An iguana comes into view.
The water moccasin attacks as you move away!
The water moccasin bites you.
You kill the water moccasin!
The centaur wields a +0 orcbow.
The centaur shoots an arrow.
The arrow barely misses you.
Your Conjurations skill increases to level 6!
Casting: Magic Dart (safe; 1% risk of failure)
Confirm with . or Enter, or press ? or * to list all spells.
Aiming: Magic Dart (safe; 1% risk of failure)
Press: ? - help, Shift-Dir - straight line, f - centaur
Aim: a centaur, wielding a +0 orcbow (lightly wounded, 100% to hit)
The magic dart hits the centaur.
The centaur is moderately wounded.
The iguana hisses angrily.
The centaur shoots an arrow.
The arrow hits you!
* * * LOW HITPOINT WARNING * * *
The centaur shoots an arrow.
The arrow hits you!
You die...
Your body crumbles into a pile of gold.

#...#
#...###########
#.............#
###...........#
#...........#
#...........# $
#...........#
#.......(...#
#l....@.....#
#...........#
#......$....####
........c.......#
########........#
#........#
####.....# ###
##.....#
#...#......#


You could see a centaur and an iguana.

Vanquished Creatures
  A water moccasin (D:6)
  A phantom (D:4)
  A bullfrog (D:6)
  A howler monkey (D:6)
  2 hounds
  An orc priest (D:3)
  A jelly (D:6)
  3 iguanas
  3 gnolls (D:3)
  4 adders
  A shadow imp (D:5)
  A white imp (D:6)
  A dart slug (D:1)
  6 orcs
  3 ball pythons
  3 endoplasms
  9 goblins
  5 hobgoblins
  3 jackals (D:2)
  4 kobolds
  2 quokkas
  6 bats
  3 frilled lizards
  2 rats
67 creatures vanquished.

Notes
Turn   | Place    | Note
-------+----------+-------------------------------------------
     0 | D:1      | leukarlung the Human Conjurer began the quest for the Orb.
     0 | D:1      | Reached XP level 1. HP: 13/13 MP: 3/3
   469 | D:1      | Reached XP level 2. HP: 16/19 MP: 0/5
   990 | D:1      | Found Fumajumu's Antique Weapon Boutique.
  1458 | D:1      | Reached XP level 3. HP: 24/24 MP: 3/6
  3039 | D:3      | Reached XP level 4. HP: 20/30 MP: 0/7
  3478 | D:3      | Found a faded altar of an unknown god.
  3481 | D:3      | Prayed at the altar of an unknown god.
  3481 | D:3      | Became a worshipper of Elyvilon the Healer
  3481 | D:3      | Reached * piety under Elyvilon
  3558 | D:3      | Reached skill level 5 in Conjurations
  3583 | D:3      | Reached XP level 5. HP: 8/36 MP: 2/9
  3994 | D:3      | Learned a level 3 spell: Hailstorm
  3997 | D:3      | Learned a level 2 spell: Searing Ray
  4001 | D:3      | Learned a level 3 spell: Frozen Ramparts
  4034 | D:3      | Found an ancient bone altar of Kikubaaqudgha.
  4034 | D:3      | Found an opulent altar of Gozag.
  4042 | D:3      | Fell from the grace of Elyvilon
  4042 | D:3      | Became a worshipper of Gozag Ym Sagoz the Greedy
  4488 | D:4      | Reached skill level 1 in Fighting
  4695 | D:4      | Found a shadowy altar of Dithmenos.
  4727 | D:4      | Noticed a phantom
  4740 | D:4      | Killed a phantom
  4741 | D:4      | Reached skill level 1 in Short Blades
  4741 | D:4      | Reached XP level 6. HP: 37/43 MP: 0/11
  5038 | D:5      | Entered Level 5 of the Dungeon
  5475 | D:6      | Reached XP level 7. HP: 41/48 MP: 9/12
  5904 | D:6      | Noticed a water moccasin
  5923 | D:6      | Killed a water moccasin
  5924 | D:6      | Reached skill level 6 in Conjurations
  5924 | D:6      | Shot with an arrow by a centaur

Illustrated notes

Levels and vault maps discovered:
D:1:      evilmike_arrival_crescent, layout_basic, serial_shops,
          nicolae_shop_tiny_waterfront, chequers_garden
D:2:      layout_rooms, minmay_hexomino_f4
D:3:      layout_loops_ring, gammafunk_temple_overflow_wave,
          shapermc_ecumenical_altar_mp_vishouse
D:4:      layout_gridville, kennysheep_little_box, minmay_strange_pillars
D:5:      layout_rooms
D:6:      layout_basic, amcnicky_altar_gilded, kennysheep_mini, minitemple,
          serial_shops, nicolae_inconvenience_store,
          minmay_fractal_squares_diagonal_5

Skill      XL: |  1  2  3  4  5  6  7 |
---------------+----------------------+-----
Conjurations   | 5 6 |  6.0
Spellcasting   | 3 4 |  4.2
Fighting       | 1 2 |  2.1
Short Blades   | 1 |  1.1
Stealth        | 3 |  3.5
Dodging        | 3 |  3.2

Action                     |  1- 3 |  4- 6 |  7- 9 || total
---------------------------+-------+-------+-------++-------
  Melee: Dagger            |    19 |    36 |     8 ||    63
   Cast: Magic Dart        |    60 |    72 |    12 ||   144
         Searing Ray       |       |     2 |     5 ||     7
         Hailstorm         |       |     2 |       ||     2
         Frozen Ramparts   |       |     1 |       ||     1
    Use: Scroll            |     9 |     4 |       ||    13
         Potion            |     4 |     2 |       ||     6
 Armour: Robe              |     5 |     6 |     8 ||    19
  Dodge: Dodged            |    23 |    26 |    17 ||    66

Table legend: (Time is in decaauts)
 A = Elapsed time spent in this place.
 B = Non-inter-level travel time spent in this place.
 C = Inter-level travel time spent in this place.
 D = Time resting spent in this place.
 E = Time spent auto-exploring this place.
 F = Levels seen in this place.
 G = Mean time per level.
                   A        B        C        D        E       F      G
               +--------+--------+--------+--------+--------+-----+--------+
         Total |   5919 |   5919 |      0 |   3693 |    182 |   6 |  986.5 |
       Dungeon |   5919 |   5919 |      0 |   3693 |    182 |   6 |  986.5 |
               +--------+--------+--------+--------+--------+-----+--------+

Top non-repeatable levels by time:
     D:1: 1666 daAuts
     D:3: 1627 daAuts
     D:2: 920 daAuts
     D:4: 820 daAuts
     D:6: 814 daAuts
     D:5: 69 daAuts
